Map: Ephemeron LE

Players

TSGSolar (Solar) - Winner!

  • Race: Zerg Zerg
  • League: Master
  • Spawn Location: 5:00

IntoTheZoun (Zoun)

  • Race: Protoss Protoss
  • League: Master
  • Spawn Location: 11:00

VOD

Have the link to the VOD?

Description

Time

  • Played on: Jan. 9, 2020, 5:32 a.m.
  • Length: 4:14
Show
View Real Time Build Order
Export as new Build Order

TSGSolar Zerg - Winner!

Build Orders: Hatch First 

Get SALT Encoding   

  12  0:01  Drone  
  13  0:12  Overlord  
  13  0:16  Drone  
  14  0:31  Drone x2  
  16  0:48  Hatchery  
  15  0:51  Drone  
  15  0:54  Drone  
  17  0:58  Drone  
  18  1:09  Extractor  
  17  1:13  Spawning Pool  
  17  1:16  Drone  
  17  1:19  Drone  
  18  1:28  Drone  
  19  1:38  Drone  
  20  1:49  Overlord  
  20  1:59  Queen x2  
  20  2:00  Zergling x4  
  26  2:09  Metabolic Boost  
  26  2:11  Drone  
  26  2:12  Drone  
  28  2:23  Drone x2  
  30  2:35  Hatchery  
  29  2:43  Zergling x2  
  30  2:47  Baneling Nest  
  30  2:50  Overlord  
  29  2:54  Zergling x2  
  29  2:57  Zergling x4  
  32  3:01  Zergling x2  
  33  3:10  Zergling x8  
  37  3:13  Zergling x2  
  37  3:17  Zergling x4  
  40  3:27  Zergling x4  
  40  3:33  Baneling x2  
  42  3:36  Baneling  
  42  3:37  Baneling x2  
  42  3:38  Baneling  
  42  3:39  Zergling x4  
  44  3:47  Zergling x4  
  44  3:48  Zergling x4  
  48  3:49  Baneling  
  48  3:52  Zergling x2  
  49  3:56  Overlord  
Show
View Real Time Build Order
Export as new Build Order

IntoTheZoun Protoss 

Build Orders: 1 Gate Expand 

Get SALT Encoding   

  12  0:00  Probe  
  13  0:12  Probe  
  14  0:19  Pylon  
  14  0:24  Probe  
  15  0:37  Probe (Chrono Boost)  
  15  0:38  Gateway  
  16  0:47  Probe (Chrono Boost), Assimilator  
  17  0:52  Probe (Chrono Boost)  
  18  1:04  Probe  
  19  1:16  Probe  
  20  1:23  Nexus  
  20  1:33  Cybernetics Core  
  20  1:36  Probe  
  21  1:42  Assimilator  
  21  1:49  Probe  
  21  1:51  Pylon  
  22  2:01  Probe (Chrono Boost)  
  23  2:07  Adept (Chrono Boost)  
  23  2:13  Probe (Chrono Boost)  
  23  2:15  Twilight Council  
  26  2:19  Warp Gate  
  26  2:21  Probe (Chrono Boost)  
  27  2:28  Probe (Chrono Boost)  
  28  2:35  Stalker  
  30  2:37  Probe (Chrono Boost)  
  32  2:45  Probe (Chrono Boost)  
  32  2:47  Probe (Chrono Boost)  
  33  2:52  Probe (Chrono Boost)  
  33  2:53  Probe  
  35  3:03  Probe  
  36  3:08  Robotics Facility  
  36  3:10  Probe  
  37  3:18  Probe (Chrono Boost)  
  37  3:19  Gateway  
  38  3:22  Probe (Chrono Boost)  
  39  3:31  Probe (Chrono Boost)  
  39  3:32  Probe (Chrono Boost), Pylon  
  41  3:36  Gateway  
  41  3:38  Gateway  
  41  3:40  Probe x2  
  45  3:51  Pylon  
Tags
 
Add a new tag
Caveats
  • Supply blocks, unpowered buildings, or Contaminate may cause inaccurate times.
  • Supply counts are checked every 10 seconds.